 Dungeon Crawl Stone Soup version 0.31-a0-435-g2c6fae2916 (webtiles) character file.

Game seed: 4941491995169637162

1794 runemasterragnar the Grappler (level 8, -13/103 HPs)
             Began as a Minotaur Shapeshifter on July 29, 2023.
             Killed from afar by Maggie (19 damage)
             ... with a bolt of fire
             ... on level 7 of the Dungeon on Aug 1, 2023.
             The game lasted 00:04:42 (5203 turns).

runemasterragnar the Grappler (MiSh)                Turns: 5203, Time: 00:04:42

Health: -13/103    AC:  0    Str: 19    XL:     8   Next: 82%
Magic:  7/7        EV: 16    Int:  7    God:
Gold:   294        SH:  0    Dex: 12    Spells: 7/7 levels left

rFire   . .          .
                       - Unarmed
rCold   . . .        (shield currently unavailable)
rNeg    . . .        a - melded +0 animal skin
rPois   .            (helmet currently unavailable)
rElec   .            (cloak currently unavailable)
rCorr   .            (gloves currently unavailable)
SInv    .            (boots currently unavailable)
Will    .....        (no amulet) Stlth
                     d - melded ring of positive energy
HPRegen 0.00/turn    (ring currently unavailable)
MPRegen 0.10/turn

%: no passive effects
@: berserking, pig-form, inhibited regen, very quick
A: fast, no casting, small, (horns 2), (retaliatory headbutt), (cold resistance
1), inhibited regeneration, subdued magic 1, MP-powered wands
a: no special abilities


You were on level 7 of the Dungeon.
You were a filthy swine.
You visited 2 branches of the dungeon, and saw 8 of its levels.

You collected 294 gold pieces.

Inventory:

Armour
 a - a +0 animal skin (melded)
 y - a +0 hat
Jewellery
 d - a ring of positive energy (melded)
 v - a ring of protection from cold
Talismans
 c - a beast talisman
Wands
 i - a wand of roots (25)
 t - a wand of polymorph (19)
 x - a wand of mindburst (6)
Scrolls
 e - 2 scrolls of noise {unknown}
 g - 3 scrolls of teleportation {unknown}
 h - 3 scrolls of identify {unknown}
 j - 4 scrolls of fear {unknown}
 k - 3 scrolls of immolation {unknown}
 n - a scroll of silence {unknown}
 o - 2 scrolls of torment {unknown}
 p - a scroll of fog {unknown}
 q - 2 scrolls of blinking {unknown}
 w - a scroll of enchant armour {unknown}
Potions
 b - 2 potions of lignification
 f - a potion of heal wounds {unknown}
 l - a potion of berserk rage
 m - a potion of might {unknown}
 r - 5 potions of curing
 s - a potion of attraction
 z - a potion of degeneration {unknown}


   Skills:
 + Level 5.4 Fighting
 + Level 5.3 Dodging
 * Level 8.1 Unarmed Combat
 * Level 5.2 Shapeshifting


You had 7 spell levels left.
You didn't know any spells.
Your spell library contained the following spells:

 Spells                   Type           Power      Damage    Failure   Level
 Apportation              Tloc           0%         N/A       38%         1
 Magic Dart               Conj           0%         1d3       38%         1
 Necrotise                Necr           0%         1d4       38%         1
 Summon Small Mammal      Summ           0%         N/A       38%         1
 Call Imp                 Summ           0%         N/A       52%         2
 Searing Ray              Conj           0%         2d4       52%         2
 Mephitic Cloud           Conj/Pois/Air  0%         N/A       77%         3
 Animate Dead             Necr           0%         N/A       99%         4
 Fulminant Prism          Conj/Hex       0%         3d5       99%         4
 Borgnjor's Vile Clutch   Necr/Erth      0%         N/A       100%        5
 Death Channel            Necr           0%         N/A       100%        6


Dungeon Overview and Level Annotations

Branches:
Dungeon (7/15)             Temple (1/1) D:4

Altars:
Ashenzari
Cheibriados
Dithmenos
Elyvilon
Fedhas
Gozag
Hepliaklqana
Kikubaaqudgha
Nemelex Xobeh
Okawaru
Qazlal
Ru
Sif Muna
Trog
Uskayaw
Vehumet
Wu Jian
Xom
Yredelemnul

Shops:
D:2 [   D:6 *

Annotations:
D:7 Maggie


Innate Abilities, Weirdness & Mutations

You are a filthy swine.
You move quickly.
Your equipment is almost entirely melded.
You are incapable of wielding weapons or throwing items.
You cannot cast spells.
((You have a pair of horns on your head.))
((You reflexively headbutt those who attack you in melee.))
((Your flesh is cold resistant. (rC+)))
You do not regenerate when monsters are visible.
Your spells are a little easier to cast, but a little less powerful.
You expend magic power (3 MP) to strengthen your wands.


Message History

You barely miss Maggie.
Maggie is lightly wounded.
Maggie casts a spell.
Maggie draws you further into her thrall.
You barely miss Maggie.
Maggie is lightly wounded.
Maggie hits you with a +3 broad axe of flaming!!
* * * LOW HITPOINT WARNING * * *
Maggie burns you.
* * * LOW HITPOINT WARNING * * *
You punch Maggie!
Maggie is heavily wounded.
It was a potion of cancellation.
Your magical effects are unravelling.
You feel magically purged.
You break out of your daze.
Maggie mumbles some strange words.
Maggie attempts to bespell you! You resist.
It was a potion of berserk rage.
A red film seems to cover your vision as you go berserk!
You feel yourself moving faster!
You feel mighty!
Maggie zaps a wand.
Your transformation has ended.
You turn into a filthy swine.
Your +0 animal skin melds into your body.
Your ring of positive energy melds into your body.
You hit Maggie.
Maggie is heavily wounded.
Maggie misses you.
You hit Maggie.
Maggie is heavily wounded.
Maggie misses you.
Unknown command.
You hit Maggie.
Maggie is severely wounded.
Unknown command.
You hit Maggie.
Maggie is severely wounded.
Maggie points at you and mumbles some strange words.
The bolt of fire hits you!!
You die...

..............
............$
#............
#............
#...........
#..........
#.@.......
##h......#
#..#######
#..# #..# #..#
#..# #.# #..#
#...## ##.##
##. ..##
#..####


You could see Maggie.

Vanquished Creatures
  Grinder (D:3)
  Eustachio (D:5)
  2 water moccasins (D:6)
  An ice beast (D:6)
  2 ogres (D:6)
  A centaur (D:6)
  A bullfrog (D:6)
  2 scorpions
  2 howler monkeys
  4 jellies
  3 hounds
  4 iguanas
  3 orc wizards (D:3)
  6 gnolls (D:4)
  9 adders
  A white imp (D:6)
  2 ufetubi
  4 worms
  3 dart slugs
  9 orcs
  7 endoplasms
  2 giant cockroaches
  11 goblins
  5 hobgoblins
  7 kobolds
  5 quokkas (D:1)
  7 ball pythons
  8 bats
  7 frilled lizards
  11 rats
131 creatures vanquished.

Notes
Turn   | Place    | Note
-------+----------+-------------------------------------------
     0 | D:1      | runemasterragnar the Minotaur Shapeshifter began the quest
                  | for the Orb.
     0 | D:1      | Reached XP level 1. HP: 16/16 MP: 0/0
   141 | D:1      | Reached XP level 2. HP: 21/23 MP: 1/1
   701 | D:1      | Reached XP level 3. HP: 29/29 MP: 2/2
   908 | D:2      | Found Olapp's Armour Shop.
  1141 | D:2      | Reached skill level 4 in Unarmed Combat
  1181 | D:2      | Found a faded altar of an unknown god.
  1439 | D:2      | Reached XP level 4. HP: 35/36 MP: 3/3
  1932 | D:3      | Reached XP level 5. HP: 38/42 MP: 4/4
  2004 | D:3      | Noticed Grinder
  2017 | D:3      | Paralysed by Grinder for 2 turns
  2021 | D:3      | Killed Grinder
  2022 | D:3      | Reached skill level 5 in Unarmed Combat
  2022 | D:3      | Reached XP level 6. HP: 23/51 MP: 5/5
  2484 | D:3      | Upgraded the game from 0.31-a0-408-gb642c7f9a3 to
                  | 0.31-a0-435-g2c6fae2916
  2517 | D:4      | Gained mutation: You are occasionally teleported next to
                  | monsters. [potion of mutation]
  2517 | D:4      | Gained mutation: You have sharp fingernails. [potion of
                  | mutation]
  2740 | D:4      | Reached XP level 7. HP: 54/57 MP: 6/6
  2775 | D:4      | Found a staircase to the Ecumenical Temple.
  2789 | D:4      | Lost mutation: You are occasionally teleported next to
                  | monsters. [potion of mutation]
  2789 | D:4      | Lost mutation: You have sharp fingernails. [potion of
                  | mutation]
  2789 | D:4      | Gained mutation: Your spells are a little easier to cast,
                  | but a little less powerful. [potion of mutation]
  2789 | D:4      | Gained mutation: Your flesh is cold resistant. (rC+)
                  | [potion of mutation]
  2789 | D:4      | Gained mutation: You do not regenerate when monsters are
                  | visible. [potion of mutation]
  2789 | D:4      | Gained mutation: You expend magic power (3 MP) to
                  | strengthen your wands. [potion of mutation]
  2831 | Temple   | Entered the Ecumenical Temple
  3049 | D:4      | Found a basalt altar of Yredelemnul.
  3053 | D:4      | Found a sparkling altar of Nemelex Xobeh.
  3055 | D:4      | Found a stormy altar of Qazlal.
  3116 | D:4      | Reached skill level 6 in Unarmed Combat
  3401 | D:5      | Entered Level 5 of the Dungeon
  3485 | D:5      | Noticed Eustachio
  3496 | D:5      | Killed Eustachio
  3677 | D:5      | Found a shimmering altar of Xom.
  3811 | D:5      | Found a sacrificial altar of Ru.
  4027 | D:6      | Found Hituvee's General Store.
  4079 | D:6      | Reached XP level 8. HP: 45/67 MP: 7/7
  4084 | D:6      | Reached skill level 7 in Unarmed Combat
  4687 | D:6      | Reached skill level 5 in Fighting
  4875 | D:6      | Reached skill level 5 in Dodging
  4883 | D:6      | Reached skill level 5 in Shapeshifting
  4962 | D:6      | Reached skill level 8 in Unarmed Combat
  5187 | D:7      | Noticed Maggie
  5203 | D:7      | Killed from afar by Maggie

Illustrated notes

Levels and vault maps discovered:
D:1:      saegor_arrival_simple_c, layout_loops_corners
D:2:      layout_basic, serial_shops, nicolae_shop_real_fake_doors,
          chequers_ecumenical_altar_simple_redux, dreamdust_mushroom_princess,
          kennysheep_generic_room_12
D:3:      layout_basic, uniq_grinder
D:4:      layout_loops_cross, minitemple, minmay_temple_entry_arrows
D:5:      layout_rooms, nicolae_ru_awakened_eye, xom_butterflies, serial_glass,
          glass_columns_b, glass_columns_c, uniq_eustachio
D:6:      layout_loops_ring, serial_shops, shop, supply_closet_lemuel,
          kennysheep_generic_room_14
D:7:      layout_cave_pods, zin_angel, serial_column_ruins,
          column_ruins_open_small, column_ruins_open_tiny,
          column_ruins_open_small, column_ruins_grid_1, column_ruins_grid_1,
          minmay_unpleasant_kobolds, uniq_maggie
Temple:   eino_narrow_crystal_temple

Skill      XL: |  1  2  3  4  5  6  7  8 |
---------------+-------------------------+-----
Fighting       | 2 3 4 5 |  5.4
Unarmed Combat | 4 5 6 8 |  8.1
Shapeshifting  | 3 4 5 |  5.2
Dodging        | 3 4 5 |  5.3

Action                     |  1- 3 |  4- 6 |  7- 9 || total
---------------------------+-------+-------+-------++-------
  Melee: Unarmed           |    71 |   126 |   127 ||   324
         Headbutt          |    12 |    24 |    22 ||    58
         Punch             |       |     3 |     6 ||     9
    Use: Potion            |       |     4 |     4 ||     8
   Stab: Sleeping          |     3 |     2 |     2 ||     7
 Armour: Animal skin       |    12 |    14 |    12 ||    38
         Skin              |       |     5 |       ||     5
  Dodge: Dodged            |    39 |    55 |    72 ||   166

Table legend: (Time is in decaauts)
 A = Elapsed time spent in this place.
 B = Non-inter-level travel time spent in this place.
 C = Inter-level travel time spent in this place.
 D = Time resting spent in this place.
 E = Time spent auto-exploring this place.
 F = Levels seen in this place.
 G = Mean time per level.
                   A        B        C        D        E       F      G
               +--------+--------+--------+--------+--------+-----+--------+
         Total |   5169 |   4974 |    195 |    137 |   4039 |   8 |  646.1 |
       Dungeon |   5129 |   4934 |    195 |    137 |   4039 |   7 |  732.7 |
        Temple |     39 |     39 |      0 |      0 |      0 |   1 |   39.0 |
               +--------+--------+--------+--------+--------+-----+--------+

Top non-repeatable levels by time:
     D:6: 1030 daAuts
     D:4: 855 daAuts
     D:1: 853 daAuts
     D:2: 826 daAuts
     D:3: 808 daAuts
     D:5: 622 daAuts
     D:7: 133 daAuts
  Temple: 39 daAuts
